AoeStats
← bkg45

Black Forest

506184444Analyzed
4v4 RM · 20d ago on Sep 12, 2026· 41m 25s· 8 players
Game mode
Random Map
Map size
Large (8 player)
Population
200
Speed
Normal
Resources
Standard
Victory
Conquest
Starting age
Dark Age
Ending age
Imperial Age
RankedLock teamsTeams togetherTeam positionsShared explorationLock speedFull tech treeHidden civsTurbo modeCheats
Victory
Defeat
🇺🇸 Bohemians · United States
1359
+14
🇧🇷 Portuguese · Brazil
1353
+14
🇺🇸 Britons · United States
1293
+16
🇺🇸 Persians · United States
1277
+18
🇹🇷 Khmer · Türkiye
1314
-16
🇮🇩 Japanese · Indonesia
1314
-16
🇲🇽 Georgians · Mexico
1295
-15
🇳🇴 Saracens · Norway
1292
-15
.|.
10:34 Feudal Age
14:03 Castle Age
12:18 Double-Bit Axe
12:16 Horse Collar
13:38 Wheelbarrow
15:30 Bow Saw
17:24 Loom
24:59 Hand Cart
28:38 Imperial Age
27:02 Ballistics
26:23 Treadmill Crane
26:39 Murder Holes
27:09 Gold Mining
27:10 Stone Mining
27:44 Heavy Plow
27:50 Guard Tower
28:19 Forging
28:09 Scale Mail Armor
28:02 Fletching
29:34 Masonry
29:36 Svan Towers
29:51 Conscription
30:39 Iron Casting
31:07 Chemistry
30:43 Keep
30:48 Crop Rotation
30:50 Bodkin Arrow
31:12 Chain Mail Armor
31:03 Scale Barding Armor
30:28 Pikeman
31:09 Squires
30:55 Gambesons
30:56 Arson
32:00 Stone Shaft Mining
32:19 Bloodlines
32:09 Husbandry
31:30 Light Cavalry
32:06 Arrowslits
34:30 Blast Furnace
33:30 Padded Archer Armor
33:31 Bracer
33:12 Halberdier
34:38 Parthian Tactics
35:09 Heavy Cavalry Archer
Floki
0:56 Loom
15:03 Feudal Age
16:01 Double-Bit Axe
16:15 Horse Collar
19:28 Wheelbarrow
23:15 Castle Age
21:36 Padded Archer Armor
22:13 Gold Mining
22:52 Fletching
24:43 Gold Shaft Mining
24:17 Crossbowman
26:48 Bodkin Arrow
28:29 Leather Archer Armor
28:33 Hand Cart
31:32 Town Watch
32:17 Bow Saw
35:28 Imperial Age
33:45 Heavy Plow
35:26 Ballistics
36:21 Thumb Ring
35:50 Arbalester
36:32 Bracer
37:24 Ring Archer Armor
40:10 Chemistry
Exellence
0:31 Loom
13:38 Feudal Age
16:40 Castle Age
14:48 Double-Bit Axe
15:41 Horse Collar
20:33 Wheelbarrow
21:12 Bow Saw
22:06 Heavy Plow
24:01 Hand Cart
23:41 Gold Mining
28:52 Imperial Age
27:53 Pikeman
28:43 Scale Mail Armor
28:53 Forging
29:40 Chain Mail Armor
29:08 Capped Ram
29:09 Halberdier
30:23 Crop Rotation
30:34 Siege Ram
32:09 Iron Casting
33:47 Conscription
34:30 Blast Furnace
39:09 Stone Mining
39:55 Gold Shaft Mining
42:12 Ballistics
42:55 Chemistry
41:51 Murder Holes
41:48 Guard Tower
Wings of Freedom
2:39 Loom
12:50 Feudal Age
13:50 Loom
16:48 Castle Age
14:51 Double-Bit Axe
15:40 Horse Collar
18:29 Bow Saw
22:46 Stone Mining
23:52 Wheelbarrow
26:30 Caravan
27:58 Hand Cart
27:29 Town Watch
28:51 Gold Mining
29:32 Town Patrol
33:43 Imperial Age
31:09 Treadmill Crane
32:14 Yasama
32:52 Ballistics
32:28 Fletching
33:22 Murder Holes
33:38 Fortified Wall
33:42 Scale Mail Armor
33:49 Bodkin Arrow
34:09 Heavy Plow
34:57 Chain Mail Armor
34:53 Forging
34:54 Siege Engineers
35:50 Chemistry
35:09 Masonry
36:43 Chemistry
35:35 Guard Tower
35:31 Arrowslits
37:31 Keep
36:58 Bracer
38:14 Plate Mail Armor
38:20 Iron Casting
39:34 Coinage
38:48 Elite Samurai
39:09 Pikeman
39:50 Squires
39:35 Arson
|TheCore| MADKILLER!!!
10:42 Feudal Age
14:53 Castle Age
12:59 Double-Bit Axe
12:58 Horse Collar
16:04 Bow Saw
15:59 Heavy Plow
20:38 Fervor
21:52 Wheelbarrow
21:06 Loom
21:09 Town Watch
22:36 Hand Cart
29:45 Imperial Age
28:45 Chemistry
27:48 Scale Mail Armor
27:58 Forging
28:23 Sanctity
27:55 Treadmill Crane
28:25 Masonry
29:03 Wagenburg Tactics
29:45 Chain Mail Armor
30:05 Iron Casting
29:21 Fletching
29:32 Padded Archer Armor
29:48 Pikeman
30:28 Squires
30:14 Arson
29:56 Houfnice
31:02 Conscription
31:55 Two-Man Saw
30:57 Halberdier
32:30 Siege Engineers
32:56 Architecture
nprhino_aoe
0:26 Loom
14:05 Feudal Age
15:08 Double-Bit Axe
15:45 Horse Collar
22:23 Castle Age
20:58 Fletching
21:08 Gold Mining
24:23 Bow Saw
24:42 Bodkin Arrow
27:39 Padded Archer Armor
30:03 Wheelbarrow
29:44 Heavy Plow
30:44 Stone Mining
33:46 Imperial Age
32:38 Ballistics
32:26 Stone Mining
33:01 Town Watch
33:54 Leather Archer Armor
34:35 Bracer
35:15 Conscription
36:30 Warwolf
38:34 Chemistry
38:47 Siege Engineers
40:17 Ring Archer Armor
40:09 Elite Longbowman
41:19 Yeomen
[LCDR]Hilstinho
0:35 Loom
12:52 Feudal Age
17:57 Castle Age
20:10 Town Watch
20:07 Horse Collar
20:47 Double-Bit Axe
27:12 Bow Saw
28:58 Wheelbarrow
30:27 Fortified Wall
34:40 Imperial Age
32:09 Fletching
32:52 Padded Archer Armor
33:31 Bodkin Arrow
33:36 Gold Mining
36:09 Conscription
38:31 Two-Man Saw
37:45 Elite Organ Gun
40:18 Chemistry
bkg45
6:52 Loom
11:27 Feudal Age
12:21 Double-Bit Axe
15:08 Castle Age
13:17 Horse Collar
15:58 Bow Saw
15:49 Heavy Plow
20:28 Town Watch
23:42 Wheelbarrow
24:07 Gold Mining
25:33 Hand Cart
25:31 Stone Mining
27:06 Gold Shaft Mining
29:37 Imperial Age
28:20 Scale Barding Armor
28:26 Forging
28:25 Caravan
29:50 Stone Shaft Mining
29:27 Bloodlines
29:18 Husbandry
29:42 Chain Barding Armor
30:33 Iron Casting
30:22 Conscription
31:13 Plate Barding Armor
30:30 Elite War Elephant
32:48 Blast Furnace
33:38 Hoardings
33:18 Masonry
33:30 Ballistics
34:12 Chemistry
34:23 Two-Man Saw
35:15 Town Patrol
35:44 Fletching
40:24 Coinage
42:01 Banking
Connection lost

Rejoining the realm…

Still unreachable

The connection could not be restored.

Session expired

The server has moved on; the page needs a fresh start.